 Dungeon Crawl Stone Soup version 0.16-a0-3061-g1c4ddba (webtiles) character file.

286 Kemay the Sneak (level 6, -2/28 HPs)
             Began as a Spriggan Enchanter on Dec 10, 2014.
             Shot with an arrow by a centaur (18 damage)
             ... on level 3 of the Dungeon.
             The game lasted 00:20:39 (3168 turns).

Kemay the Sneak (Spriggan Enchanter)                Turns: 3168, Time: 00:20:39

Health: -2/28      AC:  4    Str:  4    XL:     6   Next: 8%
Magic:  17/19      EV: 18    Int: 19    God:
Gold:   93         SH:  0    Dex: 16    Spells: 4 memorised, 3 levels left

rFire  . . .     SeeInvis +     a - +1 dagger
rCold  . . .     Clarity  .     b - +2 robe
rNeg   . . .     SustAb   +     (shield restricted)
rPois  .         Gourm    .     (helmet restricted)
rElec  .         Spirit   .     (no cloak)
rCorr  .         Warding  .     (gloves unavailable)
rMut   .         Stasis   .     (boots unavailable)
MR     +....                    (no amulet)
Stlth  ++++......               i - ring of wizardry
                                e - ring of sustain abilities

@: very slightly contaminated, very quick, somewhat resistant to hostile
enchantments, stealthy
A: unfitting armour, see invisible, herbivore 3, speed 3, slow metabolism 2
a: no special abilities


You were on level 3 of the Dungeon.
You were hungry.

You visited 1 branch of the dungeon, and saw 3 of its levels.

You collected 93 gold pieces.

Inventory:

Hand weapons
 a - a +1 dagger (weapon)
Missiles
 m - 5 steel tomahawks (quivered)
 q - 5 silver tomahawks
 r - 14 poisoned needles
Armour
 b - a +2 robe (worn)
Jewellery
 e - a ring of sustain abilities (left hand)
 i - a ring of wizardry (right hand)
 j - an uncursed ring of flight
Magical devices
 g - a wand of enslavement (22)
Scrolls
 h - a scroll of teleportation
 n - a scroll of recharging
 o - a scroll of fear
Potions
 f - a potion of invisibility
 k - 2 potions of heal wounds
 l - 2 potions of might
 t - a potion of restore abilities
Books
 c - a book of Maledictions

   Spells                             Type                      Level
   a - Corona                         Hexes                        1
   b - Sure Blade                     Hexes/Charms                 2
   c - Ensorcelled Hibernation        Hexes/Ice                    2
   d - Confuse                        Hexes                        3
   e - Dazzling Spray                 Conjuration/Hexes            3
   f - Enslavement                    Hexes                        4
Comestibles
 d - 2 bread rations
 p - 2 fruits


   Skills:
 * Level 3.8 Short Blades
 - Level 3.0 Dodging
 - Level 7.0 Stealth
 + Level 3.9 Spellcasting
 + Level 5.0 Hexes


You had 3 spell levels left.
You knew the following spells:

 Your Spells              Type           Power        Failure   Level  Hunger
a - Corona                Hex            ###....      1%          1    None
b - Ensorcelled Hibernat  Hex/Ice        ##....       4%          2    ##.....
c - Confuse               Hex            ###.....     3%          3    ###....
d - Dazzling Spray        Conj/Hex       ##......     7%          3    ###....


Dungeon Overview and Level Annotations

Branches:
Dungeon (3/15)

Altars:
Elyvilon
Gozag
Nemelex Xobeh
Ru
Xom
Zin


Innate Abilities, Weirdness & Mutations

You are tiny and cannot use many weapons and most armour.
You have supernaturally acute eyesight.
You are a herbivore.
You cover ground extremely quickly.
You need consume almost no food.


Message History

Magic restored.
You start resting.
You are feeling hungry.
You start resting.
HP restored.
You climb downwards.
There is a stone staircase leading up here.
Casting: Dazzling Spray
Confirm with . or Enter, or press ? or * to list all spells.
Aiming: Ensorcelled Hibernation
Press: ? - help, Shift-Dir - straight line, f - centaur
Aim: a centaur (hasn't noticed you)
You miscast Ensorcelled Hibernation.
You are very lightly contaminated with residual magic.
You feel a strange surge of energy!
The centaur wields an uncursed shortbow.
The centaur shoots an arrow.
The arrow hits you!
The centaur shoots an arrow.
The arrow hits you!!
Ouch! That really hurt!
You die...

#.######.....#####..#..# #.#
#.....# #.c#..# #.#
#.....#####..#..###### #.###
#?....##.c...#....)... #...#
#.....##.##.###.###### ###.#
#.....##.##..)..# ##.##
###'####.##..####
#...#####.)###c##..#
#.(..†...#(@...##..#
#....###.#.######..## ######....#
#.#..........# ..........#
#.#..#####.###### .########.#
#.......<.......# .#####
#.######..##.#.####.#####
...[.####......<..........#.#....
........########...#.#.##.#.#.###
.###.##.# #..........#.#.#


You could see a centaur.

Vanquished Creatures
  A worker ant (D:3)
  Natasha (thrice) (D:3)
  A worker ant zombie (D:3)
  7 gnolls (D:3)
  A giant mite (D:3)
  6 adders
  4 giant geckos
  An ooze (D:2)
  6 orcs (D:3)
  3 giant cockroaches
  5 hobgoblins
  8 jackals
  17 bats
  A giant newt (D:1)
  8 goblins
  7 kobolds
  12 rats
91 creatures vanquished.

Notes
Turn   | Place    | Note
--------------------------------------------------------------
     0 | D:1      | Kemay, the Spriggan Enchanter, began the quest for the Orb.
     0 | D:1      | Reached XP level 1. HP: 9/9 MP: 4/4
   214 | D:1      | Reached skill level 5 in Stealth
   254 | D:1      | Reached XP level 2. HP: 10/13 MP: 7/7
   738 | D:2      | Found an opulent altar of Gozag.
   750 | D:2      | Reached XP level 3. HP: 16/16 MP: 11/11
   816 | D:2      | Found a sacrificial altar of Ru.
   859 | D:2      | Reached skill level 6 in Stealth
   864 | D:2      | Learned a level 2 spell: Ensorcelled Hibernation
   868 | D:2      | Learned a level 3 spell: Confuse
  1321 | D:2      | Found a glowing silver altar of Zin.
  1321 | D:2      | Noticed an angel
  1393 | D:2      | Reached XP level 4. HP: 18/21 MP: 2/13
  1696 | D:2      | Found a sparkling altar of Nemelex Xobeh.
  1763 | D:3      | Reached skill level 7 in Stealth
  1811 | D:3      | Noticed Natasha
  1913 | D:3      | Reached XP level 5. HP: 24/24 MP: 16/16
  1919 | D:3      | Learned a level 3 spell: Dazzling Spray
  1994 | D:3      | Killed Natasha
  2274 | D:3      | Found a white marble altar of Elyvilon.
  2318 | D:3      | Noticed Natasha
  2339 | D:3      | Killed Natasha
  2710 | D:3      | Noticed Natasha
  2720 | D:3      | Killed Natasha
  2740 | D:3      | Found a shimmering altar of Xom.
  2771 | D:3      | Reached XP level 6. HP: 28/28 MP: 7/18
  2872 | D:3      | Noticed a centaur
  2930 | D:3      | Reached skill level 5 in Hexes
  3168 | D:3      | Shot with an arrow by a centaur

Action                   |  1- 3 |  4- 6 || total
-------------------------+-------+-------++-------
Melee: Dagger            |   156 |   129 ||   285
Throw: Tomahawk          |     5 |       ||     5
 Cast: Corona            |    17 |     5 ||    22
       Ensorcelled Hiber |     6 |    32 ||    38
       Confuse           |       |     4 ||     4
       Dazzling Spray    |       |     3 ||     3
  Use: Scroll            |     7 |     7 ||    14
 Stab: Sleeping          |    12 |    25 ||    37
       Distracted        |       |     1 ||     1
       Confused          |       |     1 ||     1
  Eat: Fruit             |       |     2 ||     2
